 Dungeon Crawl Stone Soup version 0.27.0-1-g7a089689b8 (webtiles) character file.

Game seed: 11181535082898389126

210 boopmooplesden the Skirmisher (level 5, -2/48 HPs)
             Began as a Minotaur Fighter on Aug 4, 2021.
             Succumbed to Ijyb's poison
             ... on level 4 of the Dungeon.
             The game lasted 00:04:41 (3387 turns).

boopmooplesden the Skirmisher (Minotaur Fighter)    Turns: 3387, Time: 00:04:42

Health: -2/48      AC:  0    Str: 22    XL:     5   Next: 56%
Magic:  4/4        EV: 13    Int:  5    God:
Gold:   80         SH:  0    Dex:  9    Spells: 4/4 levels left

rFire    . . .     SeeInvis .   (weapon currently unavailable)
rCold    . . .     Faith    .   (shield currently unavailable)
rNeg     . . .     Spirit   .   (armour currently unavailable)
rPois    .         Reflect  .   (helmet currently unavailable)
rElec    .         Harm     .   (cloak currently unavailable)
rCorr    .         Rampage  .   (gloves currently unavailable)
Will     .....                  (boots currently unavailable)
Stlth    +.........             (no amulet)
HPRegen  0.16/turn              (ring currently unavailable)
MPRegen  0.09/turn              (ring currently unavailable)

@: lethally poisoned (-2 -> -25), pig-form, slowed
A: fast, no casting, small, (horns 2), (retaliatory headbutt)
a: no special abilities


You were on level 4 of the Dungeon.
You were a filthy swine.
You visited 1 branch of the dungeon, and saw 4 of its levels.

You collected 162 gold pieces.
You spent 82 gold pieces at shops.

Inventory:

Hand Weapons
 a - a +1 flail (melded)
 k - a +4 quarterstaff of chaos
 p - a +0 vorpal war axe
Missiles
 h - 28 poisoned darts (quivered)
Armour
 b - a +0 scale mail
 c - a +0 kite shield (melded)
 e - a +0 chain mail (melded)
 l - a +0 cloak (melded)
Wands
 j - a wand of polymorph (5)
Scrolls
 f - 2 scrolls of identify
 g - 2 scrolls of fog
 m - a scroll of magic mapping {unknown}
 n - a scroll of blinking {unknown}
 o - a scroll of noise {unknown}
Potions
 d - a potion of might
 i - a potion of heal wounds {unknown}


   Skills:
 * Level 5.1 Fighting
 + Level 4.1 Maces & Flails
 + Level 0.1 Throwing
 * Level 4.9 Armour
 + Level 0.4 Dodging
 + Level 4.5 Shields


You had 4 spell levels left.
You didn't know any spells.
Your spell library contained the following spells:

 Spells                   Type           Power      Damage    Failure   Level
 Animate Skeleton         Necr           0%         N/A       47%         1
 Apportation              Tloc           0%         N/A       47%         1
 Corona                   Hex            0%         N/A       47%         1
 Summon Small Mammal      Summ           0%         N/A       47%         1
 Frozen Ramparts          Ice            0%         1d2       85%         3
 Ice Form                 Ice/Tmut       0%         N/A       99%         4
 Summon Ice Beast         Ice/Summ       0%         N/A       99%         4


Dungeon Overview and Level Annotations

Branches:
Dungeon (4/15)
 Temple: D:4-7

Altars:
Sif Muna

Shops:
D:2 ?   D:3 *

Annotations:
D:4 Ijyb


Innate Abilities, Weirdness & Mutations

You are a filthy swine.
You move quickly.
Your equipment is almost entirely melded.
You are incapable of wielding weapons or throwing items.
You cannot cast spells.
((You have a pair of horns on your head.))
((You reflexively headbutt those who attack you in melee.))


Message History

Natasha screams in fury as she dies!
The crimson imp disappears in a puff of smoke! x2
Your Fighting skill increases to level 5!
Ijyb zaps a wand.
You resist with some effort.
You see here the felid corpse of Natasha.
You hit Ijyb. You headbutt Ijyb.
Ijyb is moderately wounded.
Ijyb screams, "No!
No, no, no, no!"
Ijyb hits you but does no damage.
You are poisoned.
Ijyb zaps a wand.
You resist with some effort.
You hit Ijyb but do no damage.
Ijyb is moderately wounded.
You feel very sick. Ijyb hits you but does no damage.
You are more poisoned.
Ijyb zaps a wand.
You turn into a filthy swine.
Your +1 flail melds into your body.
Your +0 cloak melds into your body.
Your +0 kite shield melds into your body.
Your +0 chain mail melds into your body.
You closely miss Ijyb.
Ijyb is moderately wounded.
You feel very sick.
Ijyb hits you with a +1 dagger of venom.
You are more poisoned.
Ijyb hits you with a +1 dagger of venom!
You closely miss Ijyb.
Ijyb is moderately wounded.
You feel very sick.
Ijyb hits you with a +1 dagger of venom!
* * * LOW HITPOINT WARNING * * *
You are more poisoned.
You hit Ijyb.
Ijyb is moderately wounded.
* * * LOW HITPOINT WARNING * * *
You feel extremely sick. Ijyb closely misses you.
You closely miss Ijyb.
Ijyb is moderately wounded.
You die...

...........#
...........#
........(..#
#....#
#....#
#....#
#^.sg#
####g#
#.##h#
#.##.#
#.##.#
#.##.#
#.##.#
#.##.#
#.##.##
#.#...#
#.....#


You could see Ijyb, a scorpion and a hobgoblin.

Vanquished Creatures
  Crazy Yiuf (D:2)
  Natasha (D:4)
  2 orc wizards (D:3)
  A gnoll (D:1)
  An adder (D:3)
  2 dart slugs
  8 orcs
  5 bats
  6 endoplasms
  3 giant cockroaches
  6 goblins
  6 jackals (D:2)
  11 kobolds
  4 quokkas
  9 ball pythons
  3 frilled lizards
  3 rats
72 creatures vanquished.

Notes
Turn   | Place    | Note
-------+----------+-------------------------------------------
     0 | D:1      | boopmooplesden the Minotaur Fighter began the quest for the
                  | Orb.
     0 | D:1      | Reached XP level 1. HP: 19/19 MP: 0/0
   239 | D:1      | Reached skill level 4 in Fighting
   239 | D:1      | Reached XP level 2. HP: 25/27 MP: 1/1
   573 | D:1      | Reached XP level 3. HP: 25/33 MP: 2/2
  1490 | D:2      | Found Ykyxuepe's Magic Scroll Boutique.
  1554 | D:2      | Found a faded altar of an unknown god.
  1602 | D:2      | Bought a scroll of enchant weapon for 82 gold pieces
  2054 | D:2      | Found a runed translucent door.
  2055 | D:2      | Noticed Crazy Yiuf
  2064 | D:2      | Killed Crazy Yiuf
  2065 | D:2      | Reached XP level 4. HP: 14/41 MP: 3/3
  2407 | D:3      | Reached XP level 5. HP: 44/47 MP: 4/4
  2573 | D:3      | Found a shimmering blue altar of Sif Muna.
  2902 | D:3      | Found Tafyst's Assorted Antiques.
  3365 | D:4      | Noticed Ijyb
  3365 | D:4      | Noticed Natasha
  3380 | D:4      | Killed Natasha
  3381 | D:4      | Reached skill level 5 in Fighting
  3387 | D:4      | Succumbed to Ijyb's poison

Illustrated notes

Levels and vault maps discovered:
D:1:      lightli_arrival_noodles, layout_basic
D:2:      minmay_kobold_bridge, layout_basic, dreamdust_ecumenical_altar_grove,
          serial_shops, nicolae_shop_competitors_out_of_business,
          uniq_crazy_yiuf_cottage
D:3:      layout_loops_corners, led_sif_book, serial_shops, nicolae_shop_trees
D:4:      layout_basic, kennysheep_vampire_church,
          mainiacjoe_overflow_tiny_flanked, minmay_temple_entry_enclosed_plants,
          uniq_ijyb, uniq_natasha, uniq_eustachio

Skill      XL: |  1  2  3  4  5 |
---------------+----------------+-----
Fighting       | 4 5 |  5.1
Armour         | 4 |  4.9
Shields        | 4 |  4.5
Maces & Flails | 3 4 |  4.1
Throwing       | |  0.1
Dodging        | |  0.4

Action                   |  1- 3 |  4- 6 || total
-------------------------+-------+-------++-------
Melee: Flail             |   128 |    56 ||   184
       Headbutt          |    16 |     9 ||    25
       Unarmed           |       |     4 ||     4
Throw: Dart              |     7 |       ||     7
  Use: Scroll            |     3 |       ||     3
Armor: Scale mail        |    41 |       ||    41
       Chain mail        |    17 |    25 ||    42
Dodge: Dodged            |    37 |    10 ||    47
Block: Kite shield       |    87 |    22 ||   109
